 Dungeon Crawl Stone Soup version 0.31-a0-1074-g0b22e4e0f1 (webtiles) character file.

Game seed: 16341943631779229702

284 monsoonserge the Changeling (level 6, -14/38 HPs)
             Began as an Octopode Shapeshifter on Dec 2, 2023.
             Was an Initiate of Gozag.
             Demolished by a snapping turtle (shapeshifter) (27 damage)
             ... on level 7 of the Dungeon.
             The game lasted 00:09:02 (1953 turns).

monsoonserge the Changeling (Octopode Shapeshifter) Turns: 1953, Time: 00:09:03

Health: -14/38     AC:  1    Str: 16    XL:     6   Next: 29%
Magic:  6/6        EV: 12    Int: 12    God:    Gozag
Gold:   99         SH:  3    Dex: 11    Spells: 3/5 levels left

rFire   . .          .
                       - Unarmed
rCold   . . .        p - +0 buckler
rNeg    . . .        (helmet currently unavailable)
rPois   .            (no amulet)
rElec   .            (no ring)
rCorr   .            (no ring)
SInv    .            (no ring)
Will    .....        (no ring)
Stlth   ++++         (no ring)
HPRegen 0.26/turn    (no ring)
MPRegen 0.10/turn    (no ring)
                     (no ring)

%: no passive effects
@: brilliant, beast-form, gold aura
A: beast (slay +2), almost no armour, amphibious, 8 rings, camouflage 1,
gelatinous body 1, nimble swimmer 1, tentacles
a: Begin Untransformation, Renounce Religion, Potion Petition, Call Merchant,
Bribe Branch


You were on level 7 of the Dungeon.
You worshipped Gozag.
Gozag was noncommittal.
You were a hulking beast.
You visited 2 branches of the dungeon, and saw 6 of its levels.

You collected 326 gold pieces.
You spent 110 gold pieces at shops.
You paid 117 gold pieces to Gozag.

Inventory:

Missiles
 n - 3 boomerangs (quivered)
Armour
 p - a +0 buckler (worn)
Jewellery
 o - a ring of fire
Talismans
 b - a beast talisman
 c - a flux talisman
Wands
 h - a wand of polymorph (17)
Scrolls
 e - a scroll of revelation {unknown}
 f - a scroll of amnesia {unknown}
 g - a scroll of torment {unknown}
 i - a scroll of fear
 j - a scroll of poison
 q - a scroll of fog {unknown}
Potions
 a - a potion of lignification


   Skills:
 + Level 1.0 Fighting
 + Level 2.1 Dodging
 + Level 3.3 Stealth
 + Level 4.6 Unarmed Combat
 + Level 1.0 Evocations
 + Level 4.7 Shapeshifting


You had 3 spell levels left.
You knew the following spells:

 Your Spells              Type           Power      Damage    Failure   Level
a - Blink                 Tloc           0%         N/A       54%         2

Your spell library contained the following spells:

 Spells                   Type           Power      Damage    Failure   Level
 Lesser Beckoning         Tloc           0%         N/A       54%         2
 Momentum Strike          Conj/Tloc      0%         3d8       54%         2


Dungeon Overview and Level Annotations

Branches:
Dungeon (7/15)             Temple (1/1) D:6

Altars:
Ashenzari
Dithmenos
Elyvilon
Fedhas
Gozag
Hepliaklqana
Makhleb
Nemelex Xobeh
Okawaru
Qazlal
Uskayaw
Wu Jian
Xom
Yredelemnul
Zin
The Shining One

Shops:
D:2 ?

Annotations:
D:6 Menkaure


Innate Abilities, Weirdness & Mutations

You are a hulking beast.
Your limbs bulge with bestial killing power. (Slay +2)
You cannot wear most types of armour.
You are amphibious.
You can wear up to eight rings at the same time.
Your skin changes colour to match your surroundings (Stealth+).
Your rubbery body absorbs attacks. (AC +1, EV +1)
You are camouflaged when in or above water. (Stealth+)
You have tentacles for arms and can constrict up to eight enemies at once.


Message History

You tentacle-slap the glowing orange brain but do no damage.
You grab the glowing orange brain. You squeeze the glowing orange brain.
The glowing orange brain is lightly wounded.
You constrict the glowing orange brain.
You tentacle-slap the glowing orange brain.
The glowing orange brain is lightly wounded.
You constrict the glowing orange brain.
It was a potion of brilliance.
You feel clever all of a sudden.
You constrict the glowing orange brain.
It was a potion of curing.
You feel better.
You constrict the glowing orange brain.
You lose your grip on the snapping turtle.
The glowing orange brain changes into a snapping turtle!
You bludgeon the snapping turtle! You grab the snapping turtle.
You squeeze the snapping turtle.
The snapping turtle is lightly wounded.
You constrict the snapping turtle, but do no damage.
The kobold shouts!
You tentacle-slap the snapping turtle but do no damage.
The snapping turtle is lightly wounded.
You constrict the snapping turtle.
You hear a bellow!
The snapping turtle bites you!
It was a potion of heal wounds.
You feel much better.
You constrict the snapping turtle.
The kobold throws a stone.
The stone hits you.
A centaur comes into view.
The snapping turtle bites you!!
Ouch! That really hurt!
The centaur shouts!
You tentacle-slap the snapping turtle but do no damage.
Your tentacle-slap misses the snapping turtle.
The snapping turtle is lightly wounded.
You constrict the snapping turtle, but do no damage.
You hear a shout! x4
The snapping turtle bites you!!
Ouch! That really hurt!
You die...
Your body crumbles into a pile of gold.

~...~P
♣♣..~≈#
..~≈~#.#
#♣♣c.~≈#[#
#~~...~P#.~.
#~~~........
#≈KKK..K....
#≈tK~K..K..~
#h$≈≈~K♣.♣~~
#♣≈≈≈~~♣ ♣ ~
######♣


You could see a snapping turtle shaped shifter, a kobold brigand (summoned), a
centaur and 7 kobolds.

Vanquished Creatures
  2 bullfrogs (D:7)
  An orc priest (D:7)
  An iguana (D:6)
  An orc wizard (D:7)
  2 adders
  A white imp (D:6)
  An ufetubus (D:7)
  2 worms (D:2)
  A dart slug (D:1)
  An orc (D:7)
  6 ball pythons
  7 bats
  4 endoplasms (D:2)
  4 giant cockroaches
  5 goblins
  2 hobgoblins (D:1)
  A quokka (D:2)
  A frilled lizard (D:2)
  2 kobolds
  3 rats (D:1)
48 creatures vanquished.

Notes
Turn   | Place    | Note
-------+----------+-------------------------------------------
     0 | D:1      | monsoonserge the Octopode Shapeshifter began the quest for
                  | the Orb.
     0 | D:1      | Reached XP level 1. HP: 13/13 MP: 1/1
    78 | D:1      | Reached XP level 2. HP: 18/18 MP: 2/2
   359 | D:1      | Reached XP level 3. HP: 22/23 MP: 3/3
   485 | D:1      | Reached skill level 1 in Stealth
   570 | D:1      | Learned a level 2 spell: Blink
   694 | D:2      | Found a shimmering altar of Xom.
  1165 | D:2      | Found Xeyroly's Magic Scroll Boutique.
  1173 | D:2      | Bought a scroll of fear for 40 gold pieces
  1173 | D:2      | Bought a scroll of poison for 40 gold pieces
  1173 | D:2      | Bought a scroll of teleportation for 30 gold pieces
  1375 | D:3      | Reached XP level 4. HP: 24/28 MP: 4/4
  1395 | D:3      | You fall into a shaft and drop 3 floors!
  1426 | D:6      | Noticed a centaur
  1453 | D:6      | Reached skill level 1 in Evocations
  1498 | D:6      | Found a staircase to the Ecumenical Temple.
  1506 | Temple   | Entered the Ecumenical Temple
  1600 | D:6      | Found an opulent altar of Gozag.
  1612 | D:6      | Became a worshipper of Gozag Ym Sagoz the Greedy
  1640 | D:6      | Noticed Menkaure
  1777 | D:7      | Reached XP level 5. HP: 33/33 MP: 5/5
  1817 | D:7      | Noticed a cyclops
  1914 | D:7      | Noticed a two-headed ogre
  1924 | D:7      | Reached XP level 6. HP: 12/38 MP: 3/6
  1930 | D:7      | Noticed a two-headed ogre
  1935 | D:7      | a two-headed ogre changed into a glowing orange brain
  1935 | D:7      | Noticed a glowing orange brain (shapeshifter)
  1949 | D:7      | a glowing orange brain changed into a snapping turtle
  1949 | D:7      | Noticed a snapping turtle (shapeshifter)
  1953 | D:7      | Demolished by a snapping turtle (shapeshifter)

Illustrated notes

Levels and vault maps discovered:
D:1:      dpeg_arrival_subterranean_lakeside_camping, layout_basic,
          serial_forest, infiniplex_forest_clump_curved,
          infiniplex_forest_clump_curved, infiniplex_forest_lined_corner,
          infiniplex_forest_straight_4, infiniplex_forest_end_3,
          infiniplex_forest_clump_C, minmay_misc_feat_rugged, minmay_quantized
D:2:      layout_basic, basic_altar, serial_shops, nicolae_shop_real_fake_doors
D:3:      minmay_door_path, layout_rooms, nicolae_ru_awakened_eye,
          minmay_increasing_density, uniq_crazy_yiuf_cottage, uniq_ijyb
D:6:      layout_basic, mainiacjoe_overflow_small_starburst,
          minmay_temple_entry_crystal_x, uniq_menkaure
D:7:      nzn_winding_woodlands_large [nzn_winding_woodlands_5x5_three,
          nzn_winding_woodlands_5x15_split_checker,
          nzn_winding_woodlands_5x5_checkerboard,
          nzn_winding_woodlands_center_lodge,
          nzn_winding_woodlands_15x15_eel_pit,
          nzn_winding_woodlands_center_diamonds,
          nzn_winding_woodlands_hourglass, nzn_winding_woodlands_5x15_parted,
          nzn_winding_woodlands_5x5_perimeter], layout_rooms,
          ebering_ghost_inner_flame, wad_floor_pattern_untrapped,
          solitary_fountain, solitary_fountain
Temple:   nicolae_temple_bog_church

Skill      XL: |  1  2  3  4 |
---------------+-------------+-----
Stealth        | 1 3 |  3.3
Unarmed Combat | 4 |  4.6
Evocations     | 1 |  1.0
Shapeshifting  | 4 |  4.7
Fighting       | |  1.0
Dodging        | |  2.1

Action                     |  1- 3 |  4- 6 || total
---------------------------+-------+-------++-------
  Melee: Unarmed           |    70 |    34 ||   104
         Constrict         |    16 |    10 ||    26
         Punch             |     2 |     4 ||     6
         Tentacles         |    11 |    11 ||    22
  Throw: Boomerang         |       |     2 ||     2
   Cast: Blink             |       |     1 ||     1
    Use: Potion            |       |     3 ||     3
         Scroll            |       |     1 ||     1
   Stab: Sleeping          |     9 |       ||     9
 Armour: Skin              |    17 |    16 ||    33
  Dodge: Dodged            |    38 |    20 ||    58
  Block: Buckler           |       |     3 ||     3

Table legend: (Time is in decaauts)
 A = Elapsed time spent in this place.
 B = Non-inter-level travel time spent in this place.
 C = Inter-level travel time spent in this place.
 D = Time resting spent in this place.
 E = Time spent auto-exploring this place.
 F = Levels seen in this place.
 G = Mean time per level.
                   A        B        C        D        E       F      G
               +--------+--------+--------+--------+--------+-----+--------+
         Total |   1947 |   1912 |     35 |    219 |    947 |   6 |  324.5 |
       Dungeon |   1894 |   1859 |     35 |    171 |    947 |   5 |  378.8 |
        Temple |     52 |     52 |      0 |     48 |      0 |   1 |   52.0 |
               +--------+--------+--------+--------+--------+-----+--------+

Top non-repeatable levels by time:
     D:1: 690 daAuts
     D:2: 643 daAuts
     D:7: 268 daAuts
     D:6: 237 daAuts
     D:3: 55 daAuts
  Temple: 52 daAuts
